Map: Wolfe Industries Compound

Players

Hindulaatti

  • Race: Zerg Zerg
  • League: Diamond
  • Spawn Location: 7:00

JohnMcClane

  • Race: Protoss Protoss
  • League: Gold
  • Spawn Location: 7:00

Drazzik

  • Race: Protoss Protoss
  • Spawn Location: 12:00

KDaaawg

  • Race: Terran Terran
  • League: Silver
  • Spawn Location: 3:00

VOD

Have the link to the VOD?

Description

Time

  • Played on: Feb. 10, 2016, 12:22 p.m.
  • Length: 4:20
Show
View Real Time Build Order
Export as new Build Order

Hindulaatti Zerg 

Build Orders: 3 Hatch before Pool 

Get SALT Encoding   

  12  0:01  Drone  
  13  0:08  Drone  
  14  0:21  Overlord  
  14  0:39  Drone x3  
  17  0:55  Hatchery  
  16  0:57  Drone  
  17  1:06  Drone  
  18  1:12  Drone  
  19  1:26  Drone  
  20  1:32  Hatchery  
  19  1:41  Spawning Pool  
  19  1:43  Drone  
  19  1:46  Extractor  
  18  1:49  Drone  
  19  2:12  Drone  
  19  2:14  Overlord  
  20  2:25  Drone  
  20  2:26  Drone x2  
  23  2:30  Spine Crawler  
  23  2:32  Spine Crawler x2  
  23  2:34  Spine Crawler  
  19  2:37  Zergling x2  
  19  2:42  Zergling x2  
  21  2:59  Zergling x2  
  21  3:00  Zergling x8  
  22  3:08  Zergling x2  
  11  3:39  Drone  
  7  3:59  Zergling x2  
Show
View Real Time Build Order
Export as new Build Order

JohnMcClane Protoss 

Build Orders: Oracle Opening 

Get SALT Encoding   

  12  0:00  Probe (Chrono Boost)  
  13  0:11  Probe (Chrono Boost)  
  14  0:17  Pylon  
  14  0:22  Probe (Chrono Boost)  
  15  0:36  Probe (Chrono Boost)  
  15  0:38  Gateway  
  16  0:46  Probe (Chrono Boost)  
  16  0:49  Assimilator  
  18  0:57  Probe (Chrono Boost)  
  18  1:06  Assimilator  
  18  1:07  Probe (Chrono Boost)  
  19  1:18  Probe (Chrono Boost)  
  20  1:20  Pylon  
  20  1:25  Cybernetics Core  
  20  1:28  Probe (Chrono Boost)  
  21  1:38  Pylon  
  21  1:48  Probe (Chrono Boost)  
  22  2:03  Stargate  
  22  2:04  Gateway  
  22  2:11  Zealot  
  22  2:14  Mothership Core (Chrono Boost)  
  26  2:24  Warp Gate (Chrono Boost)  
  26  2:33  Gateway  
  26  2:46  Oracle (Chrono Boost)  
  26  2:49  Probe  
  30  2:55  Pylon  
  26  3:08  Mothership Core  
  28  3:15  Gateway  
  28  3:30  Probe  
  29  3:42  Probe  
  29  3:44  Pylon  
  30  4:06  Pylon  
  30  4:14  Pylon  
  29  4:20  Pylon  
Show
View Real Time Build Order
Export as new Build Order

Drazzik Protoss 

Build Orders:  

Get SALT Encoding   

  12  0:01  Probe (Chrono Boost)  
  13  0:12  Probe (Chrono Boost)  
  14  0:22  Probe (Chrono Boost)  
  15  0:46  Pylon  
  15  1:05  Gateway  
  15  1:07  Gateway  
  15  1:09  Gateway  
  15  1:10  Gateway  
  15  1:36  Pylon  
  15  1:46  Probe (Chrono Boost)  
  16  1:54  Zealot (Chrono Boost)  
  16  1:58  Zealot (Chrono Boost)  
  24  2:02  Zealot x2 (Chrono Boost)  
  24  2:14  Pylon  
  24  2:34  Zealot (Chrono Boost)  
  32  2:37  Zealot (Chrono Boost)  
  32  2:38  Zealot x2 (Chrono Boost)  
  32  2:49  Pylon  
  32  3:11  Zealot (Chrono Boost)  
  40  3:14  Zealot x2 (Chrono Boost)  
  40  3:15  Zealot (Chrono Boost)  
  34  3:34  Zealot (Chrono Boost)  
  32  3:41  Zealot (Chrono Boost)  
  32  3:47  Zealot x2 (Chrono Boost)  
Show
View Real Time Build Order
Export as new Build Order

KDaaawg Terran 

Build Orders:  

Get SALT Encoding   

  12  0:01  SCV  
  13  0:16  Supply Depot  
  13  0:22  SCV  
  14  0:34  SCV  
  15  0:47  Barracks  
  15  0:59  Barracks  
  15  1:14  Barracks  
  15  1:34  Marine  
  15  1:36  Barracks  
  16  1:47  Marine  
  17  1:55  Marine  
  18  2:02  Marine  
  18  2:04  Marine  
  18  2:07  Supply Depot  
  20  2:13  Marine  
  21  2:19  Marine  
  21  2:22  Marine  
  22  2:29  Marine  
  24  2:31  Marine  
  25  2:37  Marine  
  25  2:43  Supply Depot  
  26  2:45  Marine  
  26  2:47  Marine  
  28  2:59  Marine x2  
  30  3:24  Marine x4  
  34  3:41  Marine  
  34  3:42  Marine x3  
  34  3:46  Supply Depot  
  38  3:59  Marine  
Tags
 
Add a new tag
Caveats
  • Supply blocks, unpowered buildings, or Contaminate may cause inaccurate times.
  • Supply counts are checked every 10 seconds.